 Dungeon Sprint DCSS version 0.17-a0-1651-gae1a69f (webtiles) character file.

153308 Kidiri the Ninja (level 16, -10/69 HPs)
             Began as a Spriggan Enchanter on Aug 14, 2015.
             Was the Champion of Dithmenos.
             Shot with a silver bolt by a pristine statue (13 damage)
             ... in the Dungeon (Sprint III: "The Ten Rune Challenge").
             The game lasted 00:56:38 (11839 turns).

Kidiri the Ninja (Spriggan Enchanter)              Turns: 11839, Time: 00:56:38

Health: -10/69     AC:  7    Str:  6    XL:     16   Next: 41%
Magic:  38/53      EV: 42    Int: 31    God:    Dithmenos [******]
Gold:   502        SH:  0    Dex: 21    Spells: 13 memorised, 1 level left

rFire  + + +     SeeInvis +     y - +9 quick blade
rCold  . . .     Clarity  .     f - +2 robe {rC+ rF+}
rNeg   . . .     SustAt   .     (shield restricted)
rPois  .         Gourm    .     A - +3 hat of Pondering {ponderous, MR+ MP+10 Int+5}
rElec  +         Spirit   .     (no cloak)
rCorr  .         Warding  .     (gloves unavailable)
rMut   .         NoTele   +     (boots unavailable)
MR     +++..                    (no amulet)
Stlth  ++++++++++               x - ring "Esinn" {+Fly rElec rC- Int+7 Dex-2}
                                K - ring "Neriulysy" {rF+ Dex+4 SInv}

@: wreathed by umbra, very quick, extremely resistant to hostile enchantments,
uncannily stealthy
A: unfitting armour, hooves 1, rugged brown scales 1, see invisible, blink 1,
clumsy 1, deformed body, fire resistance 1, herbivore 3, speed 3, slow
metabolism 2, strong 1, evolution 1
a: Blink, Shadow Step, Shadow Form, Renounce Religion, Evoke Flight
}: 2/10 runes: serpentine, barnacled


You were in the Dungeon.
You worshipped Dithmenos.
Dithmenos was exalted by your worship.
You were not hungry.

You visited 1 branch You collected 2490 gold pieces.
You spent 1988 gold pieces at shops.

Inventory:

Hand weapons
 y - a +9 quick blade (weapon)
Missiles
 t - 20 throwing nets (quivered)
Armour
 f - a +2 robe of resistance (worn)
 A - the +3 hat of Pondering (worn) {ponderous, MR+ MP+10 Int+5}
   (You found it in the Dungeon)

   It affects your intelligence (+5).
   It affects your resistance to hostile enchantments.
   It affects your magic capacity (+10).
Jewellery
 b - the ring of Lady Luck {Fire rElec Str+4 Int-5}
   (You found it in the Dungeon)

   [ring of fire]

   It enhances your fire magic, and weakens your ice magic.
   It affects your strength (+4).
   It affects your intelligence (-5).
   It protects you from fire.
   It makes you vulnerable to cold.
   It insulates you from electricity.
 h - the ring "Upsucw" {+Blink rF+ MR+ Str+2 Int-3}
   (You took it off a deep elf annihilator in the Dungeon)

   [ring of strength]

   It affects your strength (+2).
   It affects your intelligence (-3).
   It protects you from fire.
   It affects your resistance to hostile enchantments.
   It lets you blink.
 x - the ring "Esinn" (right hand) {+Fly rElec rC- Int+7 Dex-2}
   (You found it in the Dungeon)

   [ring of dexterity]

   It affects your intelligence (+7).
   It affects your dexterity (-2).
   It makes you vulnerable to cold.
   It insulates you from electricity.
   It lets you fly.
 K - the ring "Neriulysy" (left hand) {rF+ Dex+4 SInv}
   (You took it off a deep elf master archer in the Dungeon)

   [ring of protection from fire]

   It affects your dexterity (+4).
   It protects you from fire.
   It lets you see invisible.
Magical devices
 k - a wand of confusion (17)
 s - a wand of confusion (21)
 B - a wand of hasting (3)
Scrolls
 l - a scroll of holy word
 o - a scroll of torment
 p - 2 scrolls of remove curse
 v - a scroll of enchant armour
 z - 4 scrolls of amnesia
 J - a scroll of silence
Potions
 a - 2 potions of brilliance
 e - 5 potions of curing
 g - 2 potions of haste
 i - a potion of berserk rage
 n - a potion of cancellation
 q - 3 potions of cure mutation
 r - a potion of lignification
 C - a potion of agility
Books
 G - a book of Ice

   Spells                             Type                      Level
   a - Ice Form                       Ice/Transmutation            4
   b - Metabolic Englaciation         Hexes/Ice                    5
   c - Ozocubu's Refrigeration        Ice                          6
   d - Bolt of Cold                   Conjuration/Ice              6
   e - Freezing Cloud                 Conjuration/Ice/Air          6
   f - Simulacrum                     Ice/Necromancy               6
 H - a book of Enchantments

   Spells                             Type                      Level
   a - Cause Fear                     Hexes                        4
   b - Silence                        Hexes/Air                    5
   c - Deflect Missiles               Charms/Air                   6
   d - Haste                          Charms                       6
   e - Discord                        Hexes                        8
Miscellaneous
 j - the horn of Geryon
Comestibles
 c - 26 royal jellies
 d - a bread ration
 u - 8 fruits
 D - a slice of pizza


   Skills:
 + Level 15.9 Short Blades
 * Level 26.2 Dodging
 O Level 27 Stealth
 * Level 22.9 Spellcasting
 + Level 11.5 Conjurations
 + Level 17.2 Hexes
 + Level 17.7 Charms
 + Level 13.1 Necromancy
 + Level 12.4 Transmutations
 + Level 12.5 Ice Magic
 + Level 2.0 Air Magic
 + Level 9.2 Earth Magic
 - Level 3.4 Invocations
 + Level 12.6 Evocations


You had one spell level left.
You knew the following spells:

 Your Spells              Type           Power        Failure   Level  Hunger
a - Corona                Hex            #######      0%          1    None
b - Ensorcelled Hibernat  Hex/Ice        ######       0%          2    None
c - Confuse               Hex            #######.     0%          3    None
d - Tukima's Dance        Hex            #######.     0%          3    None
e - Dazzling Spray        Conj/Hex       #######.     0%          3    None
f - Bolt of Draining      Conj/Necr      #######...   1%          5    None
g - Agony                 Necr           #######.     1%          5    None
h - Dispel Undead         Necr           #######.     1%          5    None
i - Excruciating Wounds   Chrm/Necr      #######...   1%          5    None
j - Iron Shot             Conj/Erth      #######...   1%          6    None
k - Statue Form           Trmt/Erth      #######..    1%          6    None
l - Shatter               Erth           #######...   100%        9    #####..
m - Freezing Cloud        Conj/Ice/Air   ######....   4%          6    None


Dungeon Overview and Level Annotations

Branches:
Dungeon (1/1)

Altars:
Cheibriados
Dithmenos
Elyvilon
Fedhas
Gozag
Kikubaaqudgha
Makhleb
Nemelex Xobeh
Okawaru
Qazlal
Ru
Sif Muna
Trog
Vehumet
Xom
Yredelemnul
Zin
The Shining One
Jiyva
Lugonu

Shops:
D (?}!}[:!}%!}?:%}=[[(!((!

Annotations:
D exclusion: 4 statues


Innate Abilities, Weirdness & Mutations

You are tiny and cannot use many weapons and most armour.
You have supernaturally acute eyesight.
You are a herbivore.
You cover ground extremely quickly.
You need consume almost no food.
You have large cloven feet.
You are partially covered in rugged brown scales (AC +1, +3% HP).
You can translocate small distances at will.
You are clumsy. (Dex -2)
Armour fits poorly on your strangely shaped body.
Your flesh is heat resistant.
Your muscles are strong. (Str +2)
You evolve.


Message History

The silver bolt completely misses you.
You hear a splash.
Unknown command.
Casting: Freezing Cloud
Confirm with . or Enter, or press ? or * to list all spells.
Aiming: Iron Shot
Press: ? - help, Shift-Dir - straight line, f/p - pristine statue
Aim: a pristine statue, wielding an arbalest (freezing vapour, umbra)
The iron shot hits the pristine statue.
The pristine statue is heavily damaged.
Your shadow mimicks your spell!
The shadow shard hits the pristine statue.
The pristine statue is engulfed in freezing vapours.
The pristine statue shoots a silver bolt.
The silver bolt completely misses you.
The pristine statue shoots a silver bolt.
The silver bolt hits you!!
* * * LOW HITPOINT WARNING * * *
You emit a cloud of dark smoke.
The silver sears you!
You die...

≈≈≈≈≈≈≈≈≈≈▓##.))........##.#.....
≈≈≈≈≈≈≈≈≈≈▓#∩.[).......###.......
≈≈≈≈≈≈≈≈≈≈▓#∩.###################
≈......≈≈≈▓#∩...........##.#.#.#.
..∩∩.∩..≈≈▓##...........##.......
▓▓▓▓▓▓▓▓▓▓▓ ##############.......
#################'####
#8≈§§§§§8#..[###...##)
#≈.§§@§§§#...##.....##
#..§§§§§§#+###.......#
#...§§§§§+...'.......+
#§.§§..§§#'###.......#
#≈.....§≈#≈≈≈##.....##
#8≈....≈8#'#+###...###
####''####.#§# ##+####
#..+.....#'#####.≈≈≈+#
###+###############.#(.'∩∩#.≈≈.#.


You could see 2 pristine statues.

Vanquished Creatures
  Mara (D)
  Mennas (D)
  Boris (D)
  Norris (D)
  Sigmund (D)
  Geryon (D)
  Rupert (D)
  2 liches (D)
  A deep elf master archer (D)
  A kraken (D)
  2 sphinxes (D)
  An ancient champion (D)
  Gastronok (D)
  Chuck (D)
  Roxanne (D)
  A greater naga (D)
  2 shadow dragons (D)
  Maud (D)
  2 stone giants (D)
  3 deep elf demonologists (D)
  2 vampire knights (D)
  A deep elf annihilator (D)
  2 dire elephants (D)
  A fire dragon (D)
  6 mummy priests (D)
  A deep elf death mage (D)
  A deep elf high priest (D)
  2 yaktaur captains (D)
  Erolcha (D)
  A naga warrior (D)
  2 hell beasts (D)
  A hydra (D)
  A centaur warrior (D)
  An ogre mage (D)
  3 alligator snapping turtles (D)
  5 anacondas (D)
  4 dancing weapons (D)
  4 death yaks (D)
  4 hell knights (D)
  2 soul eaters (D)
  An iron golem (D)
  3 skeletal warriors (D)
  2 sun demons (D)
  A sea snake (shapeshifter) (D)
  A shadow wraith (D)
  2 deep elf knights (D)
  A ball lightning (D)
  2 ice devils (D)
  A spriggan druid (D)
  2 spectral iron dragons (D)
  An orc knight (D)
  An obsidian statue (D)
  A death drake (D)
  A lindwurm (D)
  A lindwurm (shapeshifter) (D)
  2 hornets (D)
  4 crystal guardians (D)
  2 oklob plants (D)
  A deep elf conjurer (D)
  6 ugly things (D)
  2 elephants (D)
  A stone giant skeleton (D)
  2 spiny frogs (D)
  An iron troll simulacrum (D)
  6 black mambas (D)
  4 statues (D)
  A guardian serpent (D)
  A molten gargoyle (D)
  Edmund (D)
  A fire drake (D)
  8 yaktaurs (D)
  3 wandering mushrooms (D)
  A komodo dragon (D)
  5 guardian mummies (D)
  A queen bee (D)
  3 deep elf priests (D)
  3 anaconda simulacra (D)
  4 spriggan defenders (D)
  8 blink frogs (D)
  3 snapping turtles (D)
  4 orc high priests (D)
  8 slime creatures (D)
  A shadow (D)
  4 redbacks (D)
  A snapping turtle (shapeshifter) (D)
  2 trapdoor spiders (D)
  2 spriggans (D)
  A spatial vortex (D)
  2 hill giants (D)
  2 nagas (D)
  3 orc warriors (D)
  A hydra simulacrum (D)
  4 water moccasins (D)
  A swamp drake (D)
  A wasp (D)
  A necrophage (D)
  2 brain worms (D)
  3 two-headed ogres (D)
  A water elemental (D)
  A scorpion (D)
  32 killer bees (D)
  An electric eel (D)
  A wizard (D)
  3 orc priests (D)
  A jelly (D)
  Jessica (D)
  3 orc wizards (D)
  2 necromancers (D)
  3 humans (D)
  A kobold demonologist (D)
  6 adders (D)
  An ooze (D)
  8 orcs (D)
  A rat (D)
  A fungus (D)
  2 plants (D)
278 creatures vanquished.

Vanquished Creatures (others)
  2 draconian scorchers (D)
  A hydra (D)
  5 ball lightnings (D)
  3 yaktaurs (D)
  A ballistomycete (D)
  A bush (D)
  A fungus (D)
  2 giant spores (D)
  A plant (D)
  4 tentacles (D)
21 creatures vanquished.

Grand Total: 299 creatures vanquished

Notes
Turn   | Place    | Note
--------------------------------------------------------------
     0 | D        | Kidiri the Spriggan Enchanter began the quest for the Orb.
     0 | D        | Reached XP level 1. HP: 9/9 MP: 5/5
     4 | D        | Reached skill level 5 in Stealth
    12 | D        | Noticed Jessica
    15 | D        | Killed Jessica
    15 | D        | Reached skill level 5 in Dodging
    15 | D        | Reached skill level 6 in Stealth
    15 | D        | Reached XP level 2. HP: 13/13 MP: 5/8
    15 | D        | Reached XP level 3. HP: 16/16 MP: 6/10
    19 | D        | Learned a level 2 spell: Ensorcelled Hibernation
    23 | D        | Learned a level 3 spell: Confuse
    27 | D        | Learned a level 3 spell: Tukima's Dance
    76 | D        | Killed a yaktaur
   107 | D        | Reached skill level 5 in Spellcasting
   151 | D        | Learned a level 3 spell: Dazzling Spray
   162 | D        | Killed a white draconian scorcher
   169 | D        | Killed a white draconian scorcher
   245 | D        | Noticed a scorpion
   252 | D        | Killed a scorpion
   252 | D        | Reached skill level 7 in Stealth
   252 | D        | Reached skill level 5 in Hexes
   252 | D        | Reached skill level 1 in Ice Magic
   252 | D        | Reached XP level 4. HP: 21/21 MP: 8/12
   273 | D        | Gained mutation: You can translocate small distances at will. [potion of mutation]
   273 | D        | Gained mutation: You have a pair of small horns on your head. [potion of mutation]
   273 | D        | Gained mutation: You have large cloven feet. [potion of mutation]
   274 | D        | Gained mutation: You are partially covered in rugged brown scales (AC +1, +3% HP). [potion of mutation]
   274 | D        | Lost mutation: You have a pair of small horns on your head. [potion of mutation]
   275 | D        | Gained mutation: Your flesh is heat resistant. [potion of mutation]
   275 | D        | Gained mutation: Your muscles are strong. (Str +2) [potion of mutation]
   305 | D        | Noticed a water elemental
   307 | D        | Killed a water elemental
   307 | D        | Reached skill level 8 in Stealth
   307 | D        | Reached skill level 1 in Conjurations
   307 | D        | Reached XP level 5. HP: 24/24 MP: 13/15
   325 | D        | Noticed a jelly
   326 | D        | Noticed a shadow
   328 | D        | Killed a shadow
   328 | D        | Reached skill level 9 in Dodging
   328 | D        | Reached skill level 10 in Stealth
   328 | D        | Reached XP level 6. HP: 28/28 MP: 15/17
   331 | D        | Killed a jelly
   376 | D        | Found a stormy altar of Qazlal.
   376 | D        | Found a sacrificial altar of Ru.
   376 | D        | Found a burning altar of Makhleb.
   376 | D        | Found a shimmering altar of Xom.
   376 | D        | Noticed a spatial vortex
   377 | D        | Found a viscous altar of Jiyva.
   377 | D        | Found a shadowy altar of Dithmenos.
   377 | D        | Found a sparkling altar of Nemelex Xobeh.
   377 | D        | Found a corrupted altar of Lugonu.
   377 | D        | Found an opulent altar of Gozag.
   381 | D        | Became a worshipper of Dithmenos the Shadowed
   383 | D        | Killed a spatial vortex
   383 | D        | Reached skill level 5 in Short Blades
   383 | D        | Reached skill level 11 in Stealth
   383 | D        | Reached skill level 1 in Invocations
   407 | D        | Found a radiant altar of Vehumet.
   408 | D        | Found a deep blue altar of Sif Muna.
   408 | D        | Found an ancient bone altar of Kikubaaqudgha.
   408 | D        | Noticed a wizard
   409 | D        | Killed a wizard
   409 | D        | Reached skill level 10 in Dodging
   411 | D        | Reached XP level 7. HP: 32/32 MP: 20/20
   428 | D        | Learned a level 5 spell: Bolt of Draining
   434 | D        | Learned a level 5 spell: Agony
   439 | D        | Found a glowing silver altar of Zin.
   440 | D        | Found a glowing golden altar of the Shining One.
   440 | D        | Found a white marble altar of Elyvilon.
   440 | D        | Noticed a deep elf priest
   442 | D        | Killed a deep elf priest
   442 | D        | Reached skill level 1 in Necromancy
   454 | D        | Found an iron altar of Okawaru.
   455 | D        | Found a bloodstained altar of Trog.
   455 | D        | Noticed a human
   455 | D        | Noticed a human
   457 | D        | Killed a human
   457 | D        | Reached skill level 12 in Stealth
   458 | D        | Killed a human
   458 | D        | Reached XP level 8. HP: 37/37 MP: 20/22
   477 | D        | Found a snail-covered altar of Cheibriados.
   477 | D        | Noticed a necrophage
   479 | D        | Killed a necromancer
   479 | D        | Acquired Dithmenos's first power
   481 | D        | Found a basalt altar of Yredelemnul.
   481 | D        | Found a blossoming altar of Fedhas.
   492 | D        | Killed a necrophage
   492 | D        | Reached skill level 10 in Spellcasting
   512 | D        | Noticed a two-headed ogre
   512 | D        | Noticed a two-headed ogre
   516 | D        | Killed a two-headed ogre
   518 | D        | Killed a two-headed ogre
   530 | D        | Noticed a two-headed ogre
   531 | D        | Killed a two-headed ogre
   531 | D        | Acquired Dithmenos's second power
   536 | D        | Noticed a hill giant
   539 | D        | Killed a hill giant
   539 | D        | Reached skill level 13 in Stealth
   551 | D        | Learned a level 5 spell: Dispel Undead
   551 | D        | Noticed a hill giant
   551 | D        | Noticed Erolcha
   553 | D        | Killed Erolcha
   553 | D        | Reached skill level 14 in Stealth
   553 | D        | Reached XP level 9. HP: 40/40 MP: 23/25
   554 | D        | Killed a hill giant
   554 | D        | Acquired Dithmenos's third power
   554 | D        | Reached skill level 5 in Ice Magic
   566 | D        | Noticed a redback
   577 | D        | Killed a redback
   583 | D        | Noticed a trapdoor spider
   586 | D        | Killed a trapdoor spider
   665 | D        | Noticed a trapdoor spider
   673 | D        | Killed a trapdoor spider
   713 | D        | Noticed a killer bee
   713 | D        | Noticed a killer bee
   713 | D        | Noticed a killer bee
   713 | D        | Noticed a killer bee
   713 | D        | Noticed a killer bee
   713 | D        | Noticed a killer bee
   713 | D        | Noticed a killer bee
   713 | D        | Noticed a killer bee
   713 | D        | Noticed a killer bee
   713 | D        | Noticed a killer bee
   713 | D        | Noticed a killer bee
   713 | D        | Noticed a killer bee
   713 | D        | Noticed a queen bee
   713 | D        | Noticed a killer bee
   713 | D        | Noticed a killer bee
   714 | D        | Noticed a killer bee
   715 | D        | Noticed a killer bee
   715 | D        | Noticed a killer bee
   715 | D        | Noticed a killer bee
   715 | D        | Noticed a killer bee
   716 | D        | Noticed a killer bee
   716 | D        | Killed a killer bee
   718 | D        | Noticed a killer bee
   718 | D        | Noticed a killer bee
   718 | D        | Noticed a killer bee
   718 | D        | Noticed a killer bee
   719 | D        | Noticed a killer bee
   721 | D        | Noticed a killer bee
   721 | D        | Noticed a killer bee
   721 | D        | Killed a killer bee
   722 | D        | Noticed a killer bee
   723 | D        | Killed a killer bee
   725 | D        | Killed a killer bee
   725 | D        | Acquired Dithmenos's fourth power
   728 | D        | Noticed a killer bee
   728 | D        | Killed a killer bee
   730 | D        | Killed a killer bee
   731 | D        | Noticed a killer bee
   731 | D        | Noticed a killer bee
   733 | D        | Killed a killer bee
   871 | D        | Killed a killer bee
   874 | D        | Killed a killer bee
   875 | D        | Noticed a killer bee
   876 | D        | Killed a killer bee
   878 | D        | Killed a killer bee
   880 | D        | Killed a killer bee
   882 | D        | Killed a killer bee
   882 | D        | Reached skill level 15 in Stealth
   884 | D        | Killed a killer bee
   886 | D        | Killed a killer bee
   888 | D        | Killed a killer bee
   890 | D        | Killed a killer bee
   892 | D        | Killed a killer bee
   896 | D        | Killed a killer bee
  1035 | D        | Killed a killer bee
  1037 | D        | Killed a queen bee
  1037 | D        | Reached skill level 5 in Conjurations
  1039 | D        | Killed a killer bee
  1046 | D        | Killed a killer bee
  1046 | D        | Reached XP level 10. HP: 45/45 MP: 20/27
  1049 | D        | Killed a killer bee
  1054 | D        | Killed a killer bee
  1056 | D        | Killed a killer bee
  1210 | D        | Learned a level 5 spell: Excruciating Wounds
  1212 | D        | Killed a killer bee
  1212 | D        | Reached skill level 5 in Necromancy
  1223 | D        | Killed a killer bee
  1232 | D        | Killed a killer bee
  1235 | D        | Killed a killer bee
  1235 | D        | Reached skill level 1 in Charms
  1236 | D        | Killed a killer bee
  1252 | D        | Killed a killer bee
  1254 | D        | Killed a killer bee
  1362 | D        | Noticed a wandering mushroom
  1363 | D        | Noticed a wandering mushroom
  1363 | D        | Noticed a wandering mushroom
  1365 | D        | Killed a wandering mushroom
  1367 | D        | Killed a wandering mushroom
  1367 | D        | Reached skill level 16 in Stealth
  1368 | D        | Killed a wandering mushroom
  1406 | D        | Noticed a spiny frog
  1406 | D        | Noticed a komodo dragon
  1406 | D        | Noticed a spiny frog
  1410 | D        | Killed a spiny frog
  1412 | D        | Killed a spiny frog
  1412 | D        | Reached skill level 15 in Dodging
  1414 | D        | Killed a komodo dragon
  1420 | D        | Noticed a redback
  1422 | D        | Killed a redback
  1423 | D        | Noticed a brain worm
  1427 | D        | Killed a brain worm
  1431 | D        | Noticed a brain worm
  1435 | D        | Killed a brain worm
  1447 | D        | Noticed a lindwurm
  1449 | D        | Noticed a redback
  1450 | D        | Killed a lindwurm
  1450 | D        | Reached skill level 10 in Hexes
  1452 | D        | Killed a redback
  1457 | D        | Noticed a redback
  1458 | D        | Killed a redback
  1459 | D        | Noticed Maud
  1461 | D        | Killed Maud
  1461 | D        | Reached skill level 17 in Stealth
  1461 | D        | Reached skill level 5 in Charms
  1461 | D        | Reached XP level 11. HP: 48/48 MP: 29/29
  1465 | D        | Noticed an electric eel
  1466 | D        | Noticed a four-headed hydra
  1466 | D        | Noticed an eight-headed hydra
  1467 | D        | Killed an electric eel
  1601 | D        | Killed a four-headed hydra
  1787 | D        | Killed an eight-headed hydra
  1902 | D        | Noticed a death drake
  1905 | D        | Killed a death drake
  1915 | D        | Found a blossoming altar of Fedhas.
  1915 | D        | Noticed a spriggan
  1915 | D        | Noticed a spriggan druid
  1915 | D        | Noticed a spriggan
  1917 | D        | Killed a spriggan druid
  1918 | D        | Killed a spriggan
  1919 | D        | Killed a spriggan
  1944 | D        | Noticed a black mamba
  1944 | D        | Noticed a water moccasin
  1944 | D        | Noticed an anaconda
  1945 | D        | Noticed a black mamba
  1946 | D        | Killed an anaconda
  1946 | D        | Reached skill level 18 in Stealth
  1947 | D        | Killed a black mamba
  1949 | D        | Killed a water moccasin
  1956 | D        | Killed a black mamba
  1991 | D        | Noticed a black mamba
  1991 | D        | Noticed an anaconda
  1991 | D        | Noticed an anaconda
  1993 | D        | Killed an anaconda
  1993 | D        | Reached skill level 10 in Short Blades
  1995 | D        | Killed an anaconda
  1996 | D        | Killed a black mamba
  2031 | D        | Noticed an anaconda
  2031 | D        | Noticed an anaconda
  2031 | D        | Noticed a water moccasin
  2031 | D        | Noticed a water moccasin
  2031 | D        | Noticed a black mamba
  2031 | D        | Noticed a water moccasin
  2032 | D        | Killed an anaconda
  2032 | D        | Reached skill level 15 in Spellcasting
  2034 | D        | Killed a water moccasin
  2035 | D        | Killed a water moccasin
  2037 | D        | Killed a black mamba
  2039 | D        | Killed an anaconda
  2039 | D        | Reached skill level 19 in Stealth
  2040 | D        | Killed a water moccasin
  2083 | D        | Noticed a naga
  2083 | D        | Noticed a naga
  2084 | D        | Noticed a naga warrior
  2084 | D        | Noticed a greater naga
  2084 | D        | Found Zeecs's Distillery.
  2084 | D        | Found Camexurr's Gadget Shoppe.
  2084 | D        | Found Uchajec's Antique Armour Boutique.
  2085 | D        | Killed a naga
  2086 | D        | Killed a naga
  2088 | D        | Killed a naga warrior
  2088 | D        | Reached XP level 12. HP: 52/52 MP: 27/32
  2089 | D        | Killed a greater naga
  2117 | D        | Noticed a guardian serpent
  2119 | D        | Killed a guardian serpent
  2122 | D        | Got a serpentine rune of Zot
  2209 | D        | Noticed a swamp drake
  2209 | D        | Noticed a fire drake
  2210 | D        | Killed a fire drake
  2212 | D        | Killed a swamp drake
  2219 | D        | Noticed a blink frog
  2219 | D        | Noticed a blink frog
  2220 | D        | Noticed a blink frog
  2220 | D        | Noticed a blink frog
  2221 | D        | Killed a blink frog
  2222 | D        | Noticed a blink frog
  2223 | D        | Killed a blink frog
  2225 | D        | Killed a blink frog
  2227 | D        | Killed a blink frog
  2230 | D        | Killed a blink frog
  2286 | D        | Noticed Rupert
  2288 | D        | Killed Rupert
  2288 | D        | Reached skill level 20 in Stealth
  2314 | D        | Noticed a death yak
  2315 | D        | Noticed a death yak
  2315 | D        | Noticed a blink frog
  2316 | D        | Killed a death yak
  2317 | D        | Noticed an azure jelly
  2317 | D        | Noticed a death yak
  2317 | D        | Noticed an azure jelly
  2317 | D        | Noticed a blink frog
  2317 | D        | Noticed a death yak
  2318 | D        | Killed a death yak
  2318 | D        | Reached skill level 10 in Charms
  2319 | D        | Killed a blink frog
  2320 | D        | Noticed a blink frog
  2320 | D        | Noticed a black mamba
  2321 | D        | Killed a death yak
  2322 | D        | Noticed a black mamba
  2323 | D        | Killed a death yak
  2324 | D        | Killed a blink frog
  2325 | D        | Killed a blink frog
  2327 | D        | Killed a black mamba
  2328 | D        | Killed a black mamba
  2345 | D        | Noticed an azure jelly
  2345 | D        | Noticed an azure jelly
  2364 | D        | Noticed a snapping turtle
  2414 | D        | Killed a snapping turtle
  2424 | D        | Noticed a kraken
  2431 | D        | Noticed a snapping turtle
  2434 | D        | Killed a snapping turtle
  2562 | D        | Noticed an alligator snapping turtle
  2562 | D        | Noticed an alligator snapping turtle
  2562 | D        | Noticed an alligator snapping turtle
  2562 | D        | Noticed a snapping turtle
  2562 | D        | Found Yssaic's Antique Weapon Shoppe.
  2562 | D        | Found Weubeimi's Magic Scroll Boutique.
  2562 | D        | Found Cunyal's Gadget Shop.
  2563 | D        | Killed a kraken
  2609 | D        | Killed an alligator snapping turtle
  2609 | D        | Reached skill level 21 in Stealth
  2609 | D        | Reached XP level 13. HP: 56/56 MP: 26/34
  2612 | D        | Killed an alligator snapping turtle
  2671 | D        | Killed a yaktaur
  2692 | D        | Killed an alligator snapping turtle
  2693 | D        | Killed a snapping turtle
  2697 | D        | Got a barnacled rune of Zot
  2746 | D        | Noticed an elephant
  2746 | D        | Noticed an elephant
  2746 | D        | Noticed a dire elephant
  2746 | D        | Noticed a dire elephant
  2746 | D        | Noticed Gastronok
  2748 | D        | Killed Gastronok
  2749 | D        | Killed a dire elephant
  2764 | D        | Killed a dire elephant
  2774 | D        | Killed an elephant
  2776 | D        | Killed an elephant
  3098 | D        | Noticed Sigmund
  3098 | D        | Noticed Edmund
  3100 | D        | Killed Sigmund
  3100 | D        | Reached skill level 22 in Stealth
  3101 | D        | Killed Edmund
  3123 | D        | Noticed an orc high priest
  3123 | D        | Noticed an orc priest
  3124 | D        | Noticed an orc high priest
  3124 | D        | Noticed an orc high priest
  3125 | D        | Killed an orc high priest
  3126 | D        | Killed an orc priest
  3128 | D        | Killed an orc high priest
  3129 | D        | Killed an orc high priest
  3236 | D        | Noticed a spriggan defender
  3237 | D        | Noticed a spriggan defender
  3237 | D        | Noticed a spriggan defender
  3237 | D        | Noticed a spriggan defender
  3238 | D        | Killed a spriggan defender
  3239 | D        | Killed a spriggan defender
  3241 | D        | Killed a spriggan defender
  3242 | D        | Killed a spriggan defender
  3359 | D        | Got a warped bone ring
  3360 | D        | Identified the cursed ring "Esinn" {+Fly rElec rC- Int+7 Dex-2} (You found it in the Dungeon)
  3370 | D        | Noticed a white ugly thing
  3372 | D        | Killed a white ugly thing
  3385 | D        | Noticed a fire dragon
  3387 | D        | Killed a fire dragon
  3387 | D        | Reached skill level 1 in Evocations
  3396 | D        | Noticed a centaur warrior
  3400 | D        | Killed a centaur warrior
  3421 | D        | Noticed a cyan ugly thing
  3423 | D        | Killed a cyan ugly thing
  3444 | D        | Noticed a vampiric halberd
  3444 | D        | Noticed a hand axe of electrocution
  3444 | D        | Noticed a glaive of protection
  3445 | D        | Noticed a war axe of venom
  3446 | D        | Killed a hand axe of electrocution
  3448 | D        | Killed a vampiric halberd
  3450 | D        | Killed a war axe of venom
  3450 | D        | Reached skill level 10 in Necromancy
  3453 | D        | Killed a glaive of protection
  3510 | D        | Noticed an obsidian statue
  3537 | D        | Noticed a yaktaur captain
  3537 | D        | Noticed a yaktaur captain
  3537 | D        | Noticed a yaktaur
  3587 | D        | Noticed an orc wizard
  3588 | D        | Noticed an orc high priest
  3588 | D        | Noticed an orc wizard
  3588 | D        | Noticed an orc knight
  3588 | D        | Noticed an orc wizard
  3588 | D        | Noticed an orc warrior
  3588 | D        | Noticed an orc warrior
  3588 | D        | Noticed an orc priest
  3588 | D        | Noticed an orc warrior
  3588 | D        | Noticed an orc priest
  3588 | D        | Found Etiry's Book Shop.
  3589 | D        | Killed an orc wizard
  3598 | D        | Killed an orc priest
  3598 | D        | Killed an orc warrior
  3601 | D        | Killed an orc priest
  3601 | D        | Killed an orc warrior
  3602 | D        | Killed an orc wizard
  3641 | D        | Killed an orc knight
  3656 | D        | Killed an orc high priest
  3657 | D        | Killed an orc warrior
  3764 | D        | Killed an orc wizard
  3823 | D        | Bought a book of the Earth for 650 gold pieces
  3830 | D        | Learned a level 6 spell: Iron Shot
  3837 | D        | Learned a level 6 spell: Statue Form
  3847 | D        | Noticed a deep elf knight
  3847 | D        | Noticed a deep elf knight
  3847 | D        | Noticed a deep elf conjurer
  3847 | D        | Noticed a deep elf priest
  3847 | D        | Noticed a deep elf priest
  3863 | D        | Killed a deep elf knight
  3876 | D        | Killed a deep elf knight
  3876 | D        | Reached skill level 23 in Stealth
  3876 | D        | Reached skill level 1 in Transmutations
  3881 | D        | Killed a deep elf conjurer
  3881 | D        | Reached XP level 14. HP: 43/60 MP: 8/37
  3884 | D        | Killed a deep elf priest
  3888 | D        | Killed a deep elf priest
  3888 | D        | Reached skill level 1 in Earth Magic
  3997 | D        | Noticed a deep elf annihilator
  4062 | D        | Killed a deep elf annihilator
  4064 | D        | Got a faintly glowing granite ring
  4268 | D        | Got a twisted mace
  4269 | D        | Identified the +3 mace of Exquisite Torment {freeze, +Fly rN++ MP-9 Int+4} (You took it off a deep elf annihilator in the Dungeon)
  4323 | D        | Noticed a deep elf demonologist
  4323 | D        | Noticed a deep elf demonologist
  4455 | D        | Bought a scroll of acquirement for 520 gold pieces
  4455 | D        | Bought a scroll of enchant armour for 75 gold pieces
  4455 | D        | Bought a scroll of identify for 20 gold pieces
  4455 | D        | Bought a scroll of identify for 20 gold pieces
  4455 | D        | Bought a scroll of enchant weapon for 75 gold pieces
  4455 | D        | Bought a scroll of identify for 20 gold pieces
  4455 | D        | Bought a scroll of identify for 20 gold pieces
  4455 | D        | Bought a scroll of identify for 20 gold pieces
  4455 | D        | Bought a scroll of identify for 20 gold pieces
  4457 | D        | Identified the ring "Upsucw" {+Blink rF+ MR+ Str+2 Int-3} (You took it off a deep elf annihilator in the Dungeon)
  4462 | D        | Gained mutation: You evolve. [potion of beneficial mutation]
  4803 | D        | Noticed a brown ugly thing
  4804 | D        | Noticed a yaktaur captain
  4806 | D        | Killed a brown ugly thing
  4866 | D        | Killed a yaktaur captain
  4943 | D        | Noticed a slime creature
  4944 | D        | Noticed Chuck
  4945 | D        | Killed a slime creature
  4945 | D        | Reached skill level 10 in Ice Magic
  4949 | D        | Noticed a slime creature
  4951 | D        | Noticed a snapping turtle
  4952 | D        | Killed a slime creature
  4954 | D        | Killed a snapping turtle
  5017 | D        | HP: 3/60 [Chuck/large rock of returning (15)]
  5251 | D        | Killed Chuck
  5251 | D        | Reached skill level 5 in Evocations
  5616 | D        | Noticed a brown ugly thing
  5619 | D        | Killed a brown ugly thing
  5620 | D        | Noticed Norris
  5627 | D        | Killed Norris
  5652 | D        | Noticed a sea snake
  5653 | D        | Noticed a red ugly thing
  5653 | D        | Noticed a shock serpent
  5654 | D        | a shock serpent changed into a faun
  5657 | D        | Killed a red ugly thing
  5659 | D        | Killed a sea snake
  5706 | D        | Noticed a lich
  5708 | D        | Killed a lich
  5708 | D        | Reached skill level 5 in Transmutations
  5713 | D        | Noticed a cyan ugly thing
  5714 | D        | Noticed a shadow dragon
  5715 | D        | Noticed an ogre mage
  5715 | D        | Killed a cyan ugly thing
  5715 | D        | Reached skill level 24 in Stealth
  5716 | D        | Noticed a slime creature
  5716 | D        | Noticed a shadow dragon
  5717 | D        | Killed a shadow dragon
  5718 | D        | Killed an ogre mage
  5720 | D        | Killed a shadow dragon
  5726 | D        | Killed a slime creature
  5830 | D        | Noticed a skeletal warrior
  5831 | D        | Noticed an iron golem
  5832 | D        | Killed an iron golem
  5833 | D        | Killed a skeletal warrior
  5846 | D        | Noticed a necromancer
  5848 | D        | Killed a necromancer
  5863 | D        | Noticed a hell knight
  5863 | D        | Noticed a hell knight
  5864 | D        | Noticed a hell knight
  5864 | D        | Noticed a hell knight
  5865 | D        | Killed a hell knight
  5866 | D        | Killed a hell knight
  5868 | D        | Killed a hell knight
  5869 | D        | Killed a hell knight
  5977 | D        | Noticed a lich
  5979 | D        | Killed a lich
  5979 | D        | Reached skill level 15 in Hexes
  5991 | D        | Noticed a guardian mummy
  5992 | D        | Noticed a guardian mummy
  5992 | D        | Noticed a sphinx
  5992 | D        | Noticed a sphinx
  5993 | D        | Killed a guardian mummy
  5994 | D        | Killed a guardian mummy
  6190 | D        | Gained mutation: You are clumsy. (Dex -2) [evolution]
  6193 | D        | Noticed a guardian mummy
  6194 | D        | Killed a sphinx
  6195 | D        | Killed a sphinx
  6195 | D        | Reached skill level 10 in Conjurations
  6195 | D        | Reached skill level 5 in Earth Magic
  6197 | D        | Killed a guardian mummy
  6215 | D        | Noticed a mummy priest
  6215 | D        | Noticed a mummy priest
  6217 | D        | Killed a mummy priest
  6217 | D        | Reached skill level 25 in Stealth
  6217 | D        | Reached XP level 15. HP: 64/64 MP: 40/40
  6219 | D        | Killed a mummy priest
  6318 | D        | Noticed a mummy priest
  6318 | D        | Noticed a guardian mummy
  6318 | D        | Noticed a mummy priest
  6320 | D        | Killed a mummy priest
  6320 | D        | Reached skill level 15 in Charms
  6321 | D        | Killed a mummy priest
  6322 | D        | Killed a guardian mummy
  6467 | D        | Noticed a mummy priest
  6467 | D        | Noticed a guardian mummy
  6484 | D        | Gained mutation: Armour fits poorly on your strangely shaped body. [mutagenic glow]
  6542 | D        | Gained mutation: You are very clumsy. (Dex -4) [mutagenic glow]
  6703 | D        | Killed a mummy priest
  6704 | D        | Killed a guardian mummy
  7029 | D        | Learned a level 9 spell: Shatter
  7492 | D        | Killed an obsidian statue
  7868 | D        | Noticed a deep elf death mage
  7869 | D        | Noticed a deep elf high priest
  7870 | D        | Noticed a deep elf demonologist
  7870 | D        | Noticed a deep elf master archer
  7875 | D        | HP: 3/62 [deep elf master archer/arrow (26)]
  7931 | D        | Killed a yaktaur
  8321 | D        | Killed a deep elf demonologist
  8323 | D        | Noticed a Shadow Fiend
  8323 | D        | Killed a deep elf demonologist
  8325 | D        | Killed a deep elf demonologist
  8327 | D        | Killed a deep elf death mage
  8581 | D        | Killed a deep elf master archer
  8853 | D        | Killed a deep elf high priest
  8856 | D        | Got a clouded granite ring
  8858 | D        | Identified the ring of Lady Luck {Fire rElec Str+4 Int-5} (You found it in the Dungeon)
  8860 | D        | Identified the Grimoire of the Snowflakes and Transmutation
  8864 | D        | Identified the Guide on Summoning
  8876 | D        | Got a scorched silver ring
  8880 | D        | Identified the ring "Neriulysy" {rF+ Dex+4 SInv} (You took it off a deep elf master archer in the Dungeon)
  9083 | D        | Found Haiv's Antique Armour Emporium.
  9083 | D        | Found Angih's Antique Weapon Shop.
  9083 | D        | Found Firaory's Distillery.
  9083 | D        | Found Ecojaabb's Jewellery Boutique.
  9083 | D        | Found Zoonuw's Antique Armour Emporium.
  9083 | D        | Found Jaechum's Antique Weapon Shop.
  9083 | D        | Found Sada's Weapon Emporium.
  9083 | D        | Found Deomor's Distillery.
  9084 | D        | Found Pulaxis's Gadget Boutique.
  9084 | D        | Found Coem Imp's Food Shoppe.
  9084 | D        | Found Huica's Book Shop.
  9084 | D        | Found Obbestra's Magic Scroll Emporium.
  9121 | D        | Bought a scroll of enchant weapon for 105 gold pieces
  9121 | D        | Bought a scroll of enchant armour for 105 gold pieces
  9140 | D        | Bought a potion of brilliance for 56 gold pieces
  9140 | D        | Bought a potion of heal wounds for 70 gold pieces
  9140 | D        | Bought a potion of agility for 56 gold pieces
  9145 | D        | Bought 2 potions of curing for 78 gold pieces
  9145 | D        | Bought a potion of curing for 39 gold pieces
  9145 | D        | Bought a potion of curing for 39 gold pieces
  9159 | D        | Noticed a crystal guardian
  9159 | D        | Noticed a crystal guardian
  9159 | D        | Noticed a crystal guardian
  9159 | D        | Noticed a crystal guardian
  9160 | D        | Killed a crystal guardian
  9162 | D        | Killed a crystal guardian
  9166 | D        | Killed a crystal guardian
  9170 | D        | Killed a crystal guardian
  9368 | D        | Noticed a fire elementalist statue
  9368 | D        | Noticed an earth elementalist statue
  9371 | D        | Killed a fire elementalist statue
  9431 | D        | Noticed a water elementalist statue
  9431 | D        | Noticed an air elementalist statue
  9434 | D        | Killed a water elementalist statue
  9493 | D        | Killed an air elementalist statue
  9496 | D        | Killed an earth elementalist statue
  9714 | D        | Noticed a spectral iron dragon
  9714 | D        | Noticed an anaconda simulacrum
  9714 | D        | Noticed Boris
  9714 | D        | Noticed a spectral iron dragon
  9714 | D        | Noticed an anaconda simulacrum
  9715 | D        | Noticed a seven-headed hydra simulacrum
  9716 | D        | Killed a spectral iron dragon
  9717 | D        | Killed an anaconda simulacrum
  9724 | D        | Killed a spectral iron dragon
  9772 | D        | Killed Boris
  9772 | D        | Reached skill level 26 in Stealth
  9772 | D        | Reached skill level 10 in Evocations
  9773 | D        | Killed a seven-headed hydra simulacrum
  9774 | D        | Killed an anaconda simulacrum
  9871 | D        | Noticed Mennas
  9878 | D        | Noticed a stone giant skeleton
  9880 | D        | Killed a stone giant skeleton
  9884 | D        | Noticed an anaconda simulacrum
  9886 | D        | Killed an anaconda simulacrum
  9954 | D        | Found Plog's Gadget Emporium.
  9954 | D        | Found Keushrau's Distillery.
  9954 | D        | Found Hiovumep's Food Shop.
  9954 | D        | Found Gilosis's Gadget Shoppe.
  9954 | D        | Noticed an oklob plant
  9955 | D        | Noticed an oklob plant
  9956 | D        | Killed an oklob plant
  9957 | D        | Killed an oklob plant
  9972 | D        | Noticed a shadow wraith
  9972 | D        | Noticed a skeletal warrior
  9972 | D        | Noticed a mummy priest
  9983 | D        | Noticed a hornet
  9984 | D        | Noticed a wasp
  9986 | D        | Killed a wasp
  9988 | D        | Noticed a hornet
  9989 | D        | Killed a hornet
  9991 | D        | Killed a hornet
 10015 | D        | Noticed a skeletal warrior
 10016 | D        | Killed a mummy priest
 10021 | D        | Killed a shadow wraith
 10254 | D        | Killed a skeletal warrior
 10254 | D        | Reached skill level 10 in Transmutations
 10255 | D        | Killed a skeletal warrior
 10266 | D        | Noticed a ball lightning
 10266 | D        | Noticed a ball lightning
 10266 | D        | Noticed a ball lightning
 10266 | D        | Noticed a ball lightning
 10266 | D        | Noticed a ball lightning
 10266 | D        | Noticed a ball lightning
 10272 | D        | Killed a ball lightning
 10272 | D        | Killed a ball lightning
 10272 | D        | Killed a ball lightning
 10272 | D        | Killed a ball lightning
 10272 | D        | Killed a ball lightning
 10272 | D        | Killed a ball lightning
 10287 | D        | Lost mutation: You are very clumsy. (Dex -4) [evolution]
 10319 | D        | Noticed a slime creature
 10321 | D        | Noticed a slime creature
 10321 | D        | Noticed a slime creature
 10321 | D        | Noticed a slime creature
 10321 | D        | Noticed a slime creature
 10322 | D        | Killed a slime creature
 10323 | D        | Killed a slime creature
 10325 | D        | Killed a slime creature
 10327 | D        | Killed a slime creature
 10329 | D        | Killed a slime creature
 10427 | D        | Noticed a molten gargoyle
 10428 | D        | Noticed a vampire knight
 10428 | D        | Noticed Mara
 10428 | D        | Noticed a vampire knight
 10429 | D        | Killed a molten gargoyle
 10431 | D        | Killed Mara
 10431 | D        | Reached skill level 15 in Short Blades
 10433 | D        | Killed a vampire knight
 10438 | D        | Killed a vampire knight
 10565 | D        | Noticed an ancient champion
 10566 | D        | Killed an ancient champion
 10566 | D        | Reached skill level 27 in Stealth
 10642 | D        | Noticed Roxanne
 10651 | D        | Killed Roxanne
 10850 | D        | Found Nifuifics's Distillery.
 10850 | D        | Noticed an iron troll simulacrum
 10852 | D        | Killed an iron troll simulacrum
 10852 | D        | Reached XP level 16. HP: 69/69 MP: 42/42
 10864 | D        | Noticed a vault guard
 10864 | D        | Noticed a vault guard
 10864 | D        | Noticed an orc knight
 10864 | D        | Noticed a vault guard
 10864 | D        | Noticed a purple draconian knight
 10951 | D        | Noticed an ice devil
 10951 | D        | Noticed a hell beast
 10951 | D        | Noticed a sun demon
 10951 | D        | Noticed a sun demon
 10951 | D        | Noticed a hell beast
 10951 | D        | Noticed a soul eater
 10952 | D        | Noticed a soul eater
 10952 | D        | Noticed an ice devil
 10953 | D        | Killed a hell beast
 10954 | D        | Killed a sun demon
 10956 | D        | Killed a soul eater
 10958 | D        | Killed a hell beast
 10959 | D        | Killed an ice devil
 10964 | D        | Killed a sun demon
 10966 | D        | Killed a soul eater
 10968 | D        | Killed an ice devil
 11084 | D        | Noticed a stone giant
 11084 | D        | Noticed a stone giant
 11085 | D        | Noticed Geryon
 11086 | D        | Noticed a yaktaur
 11086 | D        | Noticed a yaktaur
 11086 | D        | Noticed a yaktaur
 11086 | D        | Noticed a yaktaur
 11086 | D        | Noticed a yaktaur captain
 11086 | D        | Noticed a yaktaur
 11086 | D        | Noticed a yaktaur
 11086 | D        | Noticed a yaktaur
 11086 | D        | Noticed a yaktaur
 11225 | D        | Killed a yaktaur
 11295 | D        | Killed a yaktaur
 11310 | D        | Killed Geryon
 11316 | D        | Killed a yaktaur
 11343 | D        | Killed a yaktaur
 11347 | D        | Killed a yaktaur captain
 11351 | D        | Killed a yaktaur
 11458 | D        | Killed a yaktaur
 11473 | D        | Killed a stone giant
 11506 | D        | Killed a yaktaur
 11539 | D        | Killed a stone giant
 11699 | D        | Killed a yaktaur
 11824 | D        | Learned a level 6 spell: Freezing Cloud
 11834 | D        | Noticed a pristine statue
 11834 | D        | Noticed a pristine statue
 11834 | D        | Noticed a pristine statue
 11834 | D        | Noticed a pristine statue
 11835 | D        | Killed Mennas
 11839 | D        | HP: 3/69 [pristine statue/silver bolt (34)]
 11839 | D        | Shot with a silver bolt by a pristine statue

Vault maps used:
D:        dungeon_sprint_mu

Action                   |  1- 3 |  4- 6 |  7- 9 | 10-12 | 13-15 | 16-18 || total
-------------------------+-------+-------+-------+-------+-------+-------++-------
Melee: Dagger            |    15 |     6 |    50 |    86 |   156 |       ||   313
       Quick blade       |       |       |       |       |    54 |    51 ||   105
       Rapier            |       |       |       |       |    47 |       ||    47
 Cast: Ensorcelled Hiber |     5 |     2 |    34 |    26 |    30 |    27 ||   124
       Confuse           |       |       |     3 |     1 |    12 |     5 ||    21
       Dazzling Spray    |       |       |       |    18 |    39 |     1 ||    58
       Bolt of Draining  |       |       |       |       |    10 |       ||    10
       Agony             |       |       |       |       |     7 |       ||     7
       Iron Shot         |       |       |       |       |    31 |    12 ||    43
       Dispel Undead     |       |       |       |       |     5 |       ||     5
       Statue Form       |       |       |       |       |     1 |     1 ||     2
       Excruciating Woun |       |       |       |       |     1 |     1 ||     2
       Freezing Cloud    |       |       |       |       |       |     1 ||     1
Invok: Shadow Step       |       |       |     1 |    18 |    25 |     4 ||    48
 Abil: Evoke Flight      |       |       |       |       |     9 |       ||     9
  Use: Scroll            |       |     5 |       |       |    12 |     1 ||    18
       Potion            |       |     3 |       |       |     8 |     3 ||    14
 Stab: Sleeping          |     4 |     6 |    33 |    72 |    90 |    20 ||   225
       Confused          |       |       |     3 |       |     3 |     3 ||     9
       Invisible         |       |       |       |     1 |     6 |     1 ||     8
       Distracted        |       |       |       |       |     1 |       ||     1
  Eat: Bread ration      |       |       |       |       |     2 |       ||     2
